 Dungeon Crawl Stone Soup version 0.20.1-1-g8b1a95d (webtiles) character file.

78 pstr the Conjurer (level 4, 0/24 HPs)
             Began as a Kobold Conjurer on Nov 12, 2017.
             Killed from afar by pstr's ghost (10 damage)
             ... with a magic dart
             ... on level 3 of the Dungeon.
             The game lasted 00:07:16 (2535 turns).

pstr the Conjurer (Kobold Conjurer)                 Turns: 2535, Time: 00:07:17

Health: 0/24       AC:  8    Str:  5    XL:     4   Next: 61%
Magic:  5/8        EV: 13    Int: 17    God:
Gold:   125        SH:  4    Dex: 15    Spells: 5/8 levels left

rFire    . . .     SeeInvis +   j - +1 whip (freeze)
rCold    + . .     Gourm    .   u - +0 buckler {AC+3}
rNeg     . . .     Faith    .   h - +2 leather armour {rC+}
rPois    .         Spirit   .   (no helmet)
rElec    .         Reflect  .   (no cloak)
rCorr    .         Harm     .   (no gloves)
MR       .....                  (no boots)
Stlth    +.........             (no amulet)
Regen    0.1/turn               g - ring of see invisible
MPRegen  0.2/turn               k - ring of loudness (curse)

@: no status effects
A: carnivore 3
a: no special abilities


You were on level 3 of the Dungeon.
You were very full.

You visited 1 branch of the dungeon, and saw 3 of its levels.

You collected 125 gold pieces.

Inventory:

Hand Weapons
 j - a +1 whip of freezing (weapon)
Missiles
 f - 6 stones (quivered)
Armour
 a - a +0 robe
 h - a +2 leather armour of cold resistance (worn)
 u - a +0 buckler of protection (worn)
Jewellery
 g - a ring of see invisible (left hand)
 k - a cursed ring of loudness (right hand)
 n - an uncursed amulet of magic regeneration {unknown}
Scrolls
 e - 2 scrolls of teleportation {unknown}
 i - a scroll of amnesia {unknown}
 l - a scroll of blinking {unknown}
 m - a scroll of enchant weapon {unknown}
 q - a scroll of noise {unknown}
 r - a scroll of magic mapping {unknown}
Potions
 d - a potion of agility {unknown}
 o - a potion of brilliance {unknown}
 t - a potion of ambrosia {unknown}
Books
 b - a book of Conjurations

   Spells                             Type                      Level
   a - Magic Dart                     Conjuration                  1
   b - Searing Ray                    Conjuration                  2
   c - Dazzling Spray                 Conjuration/Hexes            3
   d - Fulminant Prism                Conjuration/Hexes            4
   e - Force Lance                    Conjuration/Translocation    4
   f - Iskenderun's Mystic Blast      Conjuration                  4
Comestibles
 c - a meat ration
 p - a royal jelly


   Skills:
 + Level 0.2 Armour
 + Level 2.6 Dodging
 + Level 3.0 Stealth
 + Level 2.7 Spellcasting
 + Level 5.2 Conjurations


You had 5 spell levels left.
You knew the following spells:

 Your Spells              Type           Power        Failure   Level  Hunger
a - Magic Dart            Conj           ###.         6%          1    #......
b - Searing Ray           Conj           ###...       9%          2    ##.....


Dungeon Overview and Level Annotations

Branches:
Dungeon (3/15)

Altars:
Makhleb
Trog
Vehumet

Annotations:
D:3 Jessica; pstr's ghost, weakling KoCj


Innate Abilities, Weirdness & Mutations

You are small and have problems with some larger weapons.
You are carnivorous and can eat meat at any time.


Message History

Pstr's ghost casts a spell at you. The magic dart hits you!
Pstr's ghost adeptly chants a nearly unspeakable incantation.
Pstr's ghost points at you and mumbles some strange words.
The magic dart hits you!
Found a scroll labeled NYUMAT SEESHIU.
You open the door.
A crimson imp comes into view.
The crimson imp moves out of view.
Found a burning altar of Makhleb.
A goblin comes into view.
The crimson imp blinks!
Found a radiant altar of Vehumet.
There is an open door here.
The goblin shouts!
There is an open door here.
Pstr's ghost closely misses you.
Pstr's ghost points at you and mumbles some strange words.
The magic dart hits you!
You die...

.#$#.#.#.##.####.####
.....##.# #......
###.####.###..####
##.................
..###.....###..#... #.
#........$.#... #.####?
#...####...#...
#......###r###.......#..
.......@.W##.##....r....
########g##.._##..W..#..
#.'5...#..##..#..
####.._#.........
#.##..##..... ####.
#.##.. #.#... #.#(..
#.#...


You could see pstr's ghost, a crimson imp, a goblin and a rat.

Vanquished Creatures
  2 adders (D:2)
  2 worms (D:2)
  3 dart slugs (D:2)
  An orc (D:3)
  7 bats
  2 giant cockroaches (D:2)
  4 goblins (D:2)
  5 hobgoblins
  3 jackals (D:2)
  3 kobolds
  2 quokkas (D:2)
  3 frilled lizards
  7 rats
44 creatures vanquished.

Notes
Turn   | Place    | Note
-------+----------+-------------------------------------------
     0 | D:1      | pstr the Kobold Conjurer began the quest for the Orb.
     0 | D:1      | Reached XP level 1. HP: 10/10 MP: 3/3
   276 | D:1      | Reached XP level 2. HP: 15/15 MP: 1/5
   323 | D:1      | Learned a level 2 spell: Searing Ray
  1083 | D:2      | Reached XP level 3. HP: 19/19 MP: 3/6
  1699 | D:2      | Reached skill level 5 in Conjurations
  1699 | D:2      | Reached XP level 4. HP: 24/24 MP: 2/7
  1923 | D:2      | Found a bloodstained altar of Trog.
  2456 | D:3      | Noticed Jessica
  2463 | D:3      | Noticed pstr's ghost (weakling KoCj)
  2530 | D:3      | Found a burning altar of Makhleb.
  2531 | D:3      | Found a radiant altar of Vehumet.
  2535 | D:3      | Killed from afar by pstr's ghost

Skill      XL: |  1  2  3  4 |
---------------+-------------+-----
Conjurations   | 5 |  5.2
Stealth        | 3 |  3.0
Armour         | |  0.2
Dodging        | |  2.6
Spellcasting   | |  2.7

Action                   |  1- 3 |  4- 6 || total
-------------------------+-------+-------++-------
Melee: Whip              |       |    10 ||    10
 Cast: Magic Dart        |    31 |    17 ||    48
       Searing Ray       |     9 |     6 ||    15
  Eat: Chunk             |    11 |     3 ||    14
Armor: Leather armour    |     3 |    22 ||    25
Dodge: Dodged            |     5 |    26 ||    31
Block: Buckler           |       |    11 ||    11
